 Dungeon Crawl Stone Soup version 0.25-a0-663-gace7076f2c (webtiles) character file.

Game seed: 16572096877965672039, levelgen mode: deterministic

4 CryoSword the Skirmisher (level 1, 0/24 HPs)
             Began as an Ogre Chaos Knight on Mar 25, 2020.
             Was a Plaything of Xom.
             Slain by a frilled lizard (1 damage)
             ... on level 1 of the Dungeon.
             The game lasted 00:00:09 (36 turns).

CryoSword the Skirmisher (Ogre Chaos Knight)          Turns: 36, Time: 00:00:11

Health: 0/24       AC:  5    Str: 15    XL:     1   Next: 70%
Magic:  1/1        EV: 10    Int: 13    God:    Xom [..*...]
Gold:   0          SH:  0    Dex:  8    Spells: 0/0 levels left

rFire    . . .     SeeInvis .   a - +0 mace (chaos)
rCold    . . .     Gourm    .   (no shield)
rNeg     . . .     Faith    .   b - +2 robe
rPois    .         Spirit   .   (helmet restricted)
rElec    .         Reflect  .   (no cloak)
rCorr    .         Harm     .   (gloves unavailable)
MR       .....                  (boots unavailable)
Stlth    +.........             (no amulet)
HPRegen  0.08/turn              (no ring)
MPRegen  0.07/turn              (no ring)

@: no status effects
A: large, unfitting armour, tough skin 1
a: Renounce Religion


You were on level 1 of the Dungeon.
You worshipped Xom.
You were a toy of Xom.
You were not hungry.

You visited 1 branch of the dungeon, and saw 1 of its levels.

Inventory:

Hand Weapons
 a - a +0 mace of chaos (weapon)
Armour
 b - a +2 robe (worn)
Comestibles
 c - a ration {!d}


   Skills:
 + Level 4.1 Fighting
 * Level 2.8 Maces & Flails
 + Level 2.2 Dodging


You couldn't memorise any spells.
You didn't know any spells.
Your spell library was empty.

Dungeon Overview and Level Annotations

Branches:
Dungeon (1/15)

Altars:


Innate Abilities, Weirdness & Mutations

You are too large for most types of armour.
You have tough skin. (AC +1)


Message History

Welcome, CryoSword the Ogre Chaos Knight.
Will you prevail where others failed? Will you find the Orb of Zot?
Xom says: A new plaything!
Press ? for a list of commands and other information.
Found a staircase leading out of the dungeon.
You open the door.
Found 17 arrows.
An ooze comes into view.
A frilled lizard, a leopard gecko and a jackal come into view.
The jackal barks!
The frilled lizard hisses angrily.
The ooze quivers.
The leopard gecko hisses angrily.
A frilled lizard comes into view. x2; A rat comes into view.
The frilled lizard hisses.
The frilled lizard moves out of view.
Found a stone staircase leading down.
The frilled lizard hisses angrily.
The ooze hits you.
You barely miss the ooze. The ooze hits you but does no damage.
The jackal bites you.
You barely miss the ooze.
The jackal bites you but does no damage.
The ooze hits you.
You hit the ooze but do no damage. The jackal barely misses you.
The rat barely misses you. The ooze closely misses you.
The jackal barely misses you.
The frilled lizard bites you but does no damage.
You hit the ooze.
The ooze is heavily wounded.
The jackal closely misses you. The rat bites you but does no damage.
The ooze closely misses you.
The frilled lizard bites you but does no damage.
The jackal closely misses you.
The frilled lizard completely misses you.
The rat bites you but does no damage. The ooze hits you.
The frilled lizard bites you but does no damage.
You hit the ooze. You burn the ooze.
You kill the ooze!
The jackal bites you but does no damage.
The frilled lizard bites you. The frilled lizard barely misses you.
The rat bites you but does no damage.
The frilled lizard bites you but does no damage.
The jackal barely misses you. The frilled lizard barely misses you.
You are too injured to fight recklessly!
You are too injured to fight recklessly!
You are too injured to fight recklessly!
You are too injured to fight recklessly!
You are too injured to fight recklessly!
You are too injured to fight recklessly!
You are too injured to fight recklessly!
You are too injured to fight recklessly!
You are too injured to fight recklessly!
You are too injured to fight recklessly!
You are too injured to fight recklessly!
You are too injured to fight recklessly!
You are too injured to fight recklessly!
You are too injured to fight recklessly!
You are too injured to fight recklessly!
You are too injured to fight recklessly!
You are too injured to fight recklessly!
You are too injured to fight recklessly!
You are too injured to fight recklessly!
You are too injured to fight recklessly!
You are too injured to fight recklessly!
You are too injured to fight recklessly!
You are too injured to fight recklessly!
You are too injured to fight recklessly!
You are too injured to fight recklessly!
You are too injured to fight recklessly!
You are too injured to fight recklessly!
You are too injured to fight recklessly!
You are too injured to fight recklessly!
You are too injured to fight recklessly!
You closely miss the leopard gecko. The jackal bites you.
The frilled lizard closely misses you. The rat bites you.
The leopard gecko misses you.
The frilled lizard barely misses you. x2
You barely miss the leopard gecko. The jackal barely misses you.
The leopard gecko closely misses you. The frilled lizard barely misses you.
The rat closely misses you.
The frilled lizard bites you but does no damage.
The jackal barely misses you.
The frilled lizard bites you but does no damage.
The frilled lizard misses you. The leopard gecko closely misses you.
You hit the leopard gecko but do no damage.
A bat comes into view.
The jackal barely misses you.
A leopard gecko comes into view.
The rat bites you but does no damage.
The frilled lizard bites you but does no damage.
The frilled lizard closely misses you.
The leopard gecko bites you but does no damage.
The jackal closely misses you. The frilled lizard bites you.
* * * LOW HITPOINT WARNING * * *
The rat bites you.
* * * LOW HITPOINT WARNING * * *
The frilled lizard barely misses you.
You closely miss the leopard gecko.
The leopard gecko hisses angrily.
The jackal barely misses you. The leopard gecko misses you.
The frilled lizard bites you but does no damage. x2
The rat barely misses you.
A goblin comes into view.
The frilled lizard barely misses you. The jackal misses you.
You miss the leopard gecko.
The goblin shouts!
The leopard gecko closely misses you.
The frilled lizard completely misses you.
The jackal bites you.
* * * LOW HITPOINT WARNING * * *
The frilled lizard completely misses you.
The rat closely misses you. The frilled lizard barely misses you.
The leopard gecko bites you but does no damage.
The frilled lizard barely misses you.
You miss the leopard gecko.
The jackal bites you but does no damage.
The rat bites you but does no damage. The leopard gecko bites you.
* * * LOW HITPOINT WARNING * * *
The frilled lizard misses you. The jackal closely misses you.
The frilled lizard bites you but does no damage.
A hobgoblin comes into view. It is wielding a +0 club.
The hobgoblin shouts!
You hit the leopard gecko. You burn the leopard gecko.
The leopard gecko is moderately wounded.
The leopard gecko bites you but does no damage.
The jackal closely misses you. The leopard gecko barely misses you.
The rat bites you but does no damage.
The frilled lizard bites you but does no damage.
The frilled lizard closely misses you. The frilled lizard bites you.
* * * LOW HITPOINT WARNING * * *
The leopard gecko barely misses you. The jackal barely misses you.
The leopard gecko misses you. The rat bites you.
* * * LOW HITPOINT WARNING * * *
The frilled lizard completely misses you.
The frilled lizard bites you.
You die...
Xom roars with laughter!

.. ... # #
..g. ###.
##..
....###..#
..#
...g.....##>.
#......b...#
#.....llr#.#
#.....l@h.#
######ll.(#
#....# #....#
#....# #....#
#....#
#....######
#.........#


You could see 2 leopard geckos, a jackal, a hobgoblin, a goblin, a bat, 3
frilled lizards and a rat.

Vanquished Creatures
  An ooze (D:1)
1 creature vanquished.

Notes
Turn   | Place    | Note
-------+----------+-------------------------------------------
     0 | D:1      | CryoSword the Ogre Chaos Knight began the quest for the
                  | Orb.
     0 | D:1      | Reached XP level 1. HP: 24/24 MP: 1/1
    36 | D:1      | HP: 1/24 [rat (1)]
    36 | D:1      | Slain by a frilled lizard

Levels and vault maps discovered:
D:1:      lemuel_arrival_rhombus, layout_basic, st_stairs_7

Action                   || total
-------------------------++-------
Melee: Mace              ||    12
Armor: Robe              ||    24
Dodge: Dodged            ||    46

Table legend:
 A = Non-vault XP
 B = Vault XP
 C = Vault XP percentage of total XP
 D = Non-vault monster count
 E = Vault monster count
 F = Vault count percentage of total count
                 A         B        C        D         E       F
            +---------+---------+-------+---------+---------+-------
      Total |       7 |       0 |   0.0 |       1 |       0 |   0.0
            +---------+---------+-------+---------+---------+-------
        D:1 |       7 |       0 |   0.0 |       1 |       0 |   0.0
            +---------+---------+-------+---------+---------+-------
